 Dungeon Crawl Stone Soup version 0.27-a0-819-g058290f16d (webtiles) character file.

Game seed: 2538630728720793806

793 robertstho the Magician (level 7, 0/50 HPs)
             Began as a Djinni Ice Elementalist on Mar 29, 2021.
             Slain by an ice beast (19 damage)
             ... on level 5 of the Dungeon.
             The game lasted 00:11:11 (7360 turns).

robertstho the Magician (Djinni Ice Elementalist)   Turns: 7360, Time: 00:11:12

Health: 0/50       AC:  7    Str:  7    XL:     7   Next: 88%
Gold:   263        EV: 12    Int: 19    God:
                   SH:  0    Dex: 13

rFire    + + .     SeeInvis .   k - +0 dagger (flame)
rCold    x . .     Faith    .   (no shield)
rNeg     . . .     Spirit   .   u - +2 animal skin
rPois    ∞         Reflect  .   s - +0 helmet
rElec    .         Harm     .   j - +0 cloak
rCorr    .         Rampage  .   h - +0 pair of gloves
Will     .....                  (boots unavailable)
Stlth    ++........             (no amulet)
HPRegen  0.16/turn              (no ring)
MPRegen  0.00/turn              (no ring)

@: flying
A: fire resistance 2, cold vulnerability 1, float, innate caster, hp casting,
extra vitality 1
a: no special abilities


You were on level 5 of the Dungeon.
You visited 1 branch of the dungeon, and saw 5 of its levels.

You collected 263 gold pieces.

Inventory:

Hand Weapons
 d - a +0 dagger
 k - a +0 dagger of flaming (weapon)
Armour
 h - a +0 pair of gloves (worn)
 j - a +0 cloak (worn)
 s - a +0 helmet (worn)
 u - a +2 animal skin (worn)
Wands
 t - a wand of paralysis (6)
Scrolls
 a - a scroll of identify
 e - 2 scrolls of teleportation
 g - a scroll of enchant weapon {unknown}
 l - 2 scrolls of brand weapon {unknown}
 m - 2 scrolls of vulnerability {unknown}
 o - 2 scrolls of magic mapping {unknown}
 p - 2 scrolls of fog {unknown}
 q - a scroll of summoning {unknown}
 r - a scroll of blinking {unknown}
Potions
 b - a potion of berserk rage
 c - 2 potions of invisibility
 f - 2 potions of flight {unknown}
 n - a potion of curing


   Skills:
 * Level 3.6 Fighting
 + Level 0.4 Short Blades
 + Level 2.7 Dodging
 + Level 2.6 Stealth
 * Level 6.8 Spellcasting


You couldn't memorise any spells.
You knew the following spells:

 Your Spells              Type           Power      Damage    Failure   Level
a - Freeze                Ice            100%       1d11      1%          1
b - Frozen Ramparts       Ice            64%        1d8       1%          3
c - Ozocubu's Armour      Ice            32%        N/A       1%          3
d - Hailstorm             Conj/Ice       32%        3d8       6%          4
e - Summon Ice Beast      Ice/Summ       32%        N/A       6%          4
f - Animate Skeleton      Necr           64%        N/A       1%          1
g - Slow                  Hex            32%        N/A       1%          2
h - Gell's Gravitas       Tloc           16%        N/A       1%          3
Your spell library was empty.

Dungeon Overview and Level Annotations

Branches:
Dungeon (5/15)
 Temple: D:4-7

Altars:
Cheibriados
Nemelex Xobeh
Trog
Uskayaw
Yredelemnul
Zin

Shops:
D:2 (


Innate Abilities, Weirdness & Mutations

You are immune to poison.
Your flesh is very heat resistant. (rF++)
You are vulnerable to cold. (rC-)
You float through the air rather than walking.
You learn spells naturally, not from books.
Your magical power is your life essence.
You have superior vitality. (+4 HP)


Message History

Your ice beast barely misses the ice beast.
The ice beast hits your ice beast but does no damage.
The ice beast hits your ice beast but does no damage.
Your ice beast completely misses the ice beast.
The ice beast hits your ice beast but does no damage.
Your ice beast hits the ice beast but does no damage.
The ice beast closely misses your ice beast.
Your ice beast hits the ice beast.
Your ice beast freezes the ice beast.
The ice beast completely resists.
The ice beast hits your ice beast but does no damage.
Your ice beast hits the ice beast but does no damage.
Your ice beast misses the ice beast.
The ice beast hits your ice beast but does no damage.
Your ice beast completely misses the ice beast.
The ice beast barely misses your ice beast.
The ice beast barely misses your ice beast.
Your ice beast barely misses the ice beast.
The ice beast hits your ice beast but does no damage.
Your ice beast hits the ice beast.
Your ice beast freezes the ice beast.
The ice beast completely resists.
The ice beast hits your ice beast but does no damage.
Your ice beast hits the ice beast but does no damage.
The ice beast barely misses your ice beast.
Your ice beast hits the ice beast but does no damage.
Your ice beast hits the ice beast but does no damage.
The ice beast closely misses your ice beast.
Your ice beast disappears in a puff of smoke!
Casting: Hailstorm (dangerous; 6% risk of failure)
Confirm with . or Enter, or press ? or * to list all spells.
A chill wind blows around you.
Casting: Summon Ice Beast (dangerous; 6% risk of failure)
Confirm with . or Enter, or press ? or * to list all spells.
A chill wind blows around you. The ice beast closely misses you.
Your ice beast closely misses the ice beast.
Unknown command.
Your ice beast barely misses the ice beast.
You hit the ice beast but do no damage.
The ice beast is almost dead.
The ice beast hits you. The ice beast freezes you!!
You feel a terrible chill!
You die...

#.# #..#.# #.# #..#.#
#.# ### #..#.##### #.#
..# #(.......# #.#
#.##.##.#
#.....##.########.#
#.##.##.#
#.................#
#.##.##.#
#.(YY.##.##########
###.##.##.# #>.#Y###.#
.##.##.##.# #..#@# #.#
.##.##.##.###....# #.#
.##.##.##......### #.#
.##.#..........# #.#
.##....######..# #.#
...............# #<#
..[....######..#####.#
.#####.######........#
.# #.........#######


You could see an ice beast (ally target) and 2 friendly ice beasts.

Vanquished Creatures
  2 ogres
  2 hounds (D:4)
  3 iguanas
  6 orc wizards
  Robin (D:2)
  7 gnolls (D:3)
  6 adders
  A shadow imp (D:5)
  An ufetubus (D:5)
  8 worms
  A dart slug (D:1)
  8 orcs
  4 bats
  3 giant cockroaches
  10 goblins
  9 hobgoblins
  8 jackals
  3 quokkas
  9 ball pythons
  3 frilled lizards
  6 kobolds
  10 rats
111 creatures vanquished.

Vanquished Creatures (collateral kills)
  A necrophage (D:4)
  A white imp (D:5)
2 creatures vanquished.

Grand Total: 113 creatures vanquished

Notes
Turn   | Place    | Note
-------+----------+-------------------------------------------
     0 | D:1      | robertstho the Djinni Ice Elementalist began the quest for
                  | the Orb.
     0 | D:1      | Reached XP level 1. HP: 15/15 MP: 0/0
   475 | D:1      | Reached skill level 1 in Fighting
   675 | D:1      | Reached XP level 2. HP: 18/22 MP: 0/0
  1843 | D:2      | Noticed Robin
  1938 | D:2      | Reached skill level 4 in Spellcasting
  1938 | D:2      | Reached XP level 3. HP: 16/27 MP: 0/0
  1938 | D:2      | Learned a level 1 spell: Animate Skeleton
  2594 | D:2      | Killed Robin
  2840 | D:2      | Found Astuchir's Weapon Shoppe.
  2851 | D:2      | Reached XP level 4. HP: 27/32 MP: 0/0
  3041 | D:2      | Found a sparkling altar of Nemelex Xobeh.
  3041 | D:2      | Found a basalt altar of Yredelemnul.
  3244 | D:2      | Found a glowing silver altar of Zin.
  3421 | D:3      | Found a snail-covered altar of Cheibriados.
  3843 | D:3      | Reached XP level 5. HP: 28/38 MP: 0/0
  3843 | D:3      | Learned a level 2 spell: Slow
  3849 | D:3      | Reached skill level 5 in Spellcasting
  4380 | D:3      | Reached XP level 6. HP: 18/43 MP: 0/0
  5107 | D:3      | Noticed a moth of wrath
  5110 | D:3      | Found a bloodstained altar of Trog.
  5479 | D:4      | Reached skill level 6 in Spellcasting
  5658 | D:4      | Noticed a necrophage
  5667 | D:4      | Killed a necrophage
  5668 | D:4      | Reached XP level 7. HP: 37/49 MP: 0/0
  5668 | D:4      | Learned a level 3 spell: Gell's Gravitas
  6583 | D:5      | Entered Level 5 of the Dungeon
  6939 | D:5      | Found a hide-covered altar of Uskayaw.
  7360 | D:5      | Slain by an ice beast

Illustrated notes

Levels and vault maps discovered:
D:1:      kilobyte_arrival_exit_the_forest, layout_loops_cross,
          minmay_misc_feat_five
D:2:      layout_loops_ring, gammafunk_temple_overflow_elements, zin_statuary,
          serial_shops, nicolae_shop_waterfront, uniq_robin
D:3:      layout_rooms, cheibriados_altar_1, tgw_trog,
          nicolae_overflow_hidden_temple, serial_corexii_hall,
          chequers_hall_statues_corner_a, chequers_hall_statues_corner_a,
          minmay_joined_circles
D:4:      layout_rooms, hangedman_abyss_or_decor_stagger, minmay_diced_spiral
D:5:      layout_loops_ring, kennysheep_mini, overflow_temple_1_default

Skill      XL: |  1  2  3  4  5  6  7 |
---------------+----------------------+-----
Fighting       | 1 2 3 |  3.6
Spellcasting   | 4 5 6 |  6.8
Stealth        | 2 |  2.6
Short Blades   | |  0.4
Dodging        | |  2.7

Action                   |  1- 3 |  4- 6 |  7- 9 || total
-------------------------+-------+-------+-------++-------
Melee: Dagger            |    23 |    58 |    35 ||   116
       Unarmed           |     3 |       |       ||     3
 Cast: Freeze            |    39 |    17 |    11 ||    67
       Frozen Ramparts   |     3 |    26 |    11 ||    40
       Hailstorm         |       |     1 |     5 ||     6
       Summon Ice Beast  |       |     1 |     5 ||     6
       Gell's Gravitas   |       |       |     3 ||     3
       Ozocubu's Armour  |       |       |     2 ||     2
  Use: Scroll            |       |     6 |     1 ||     7
 Stab: Sleeping          |     4 |     6 |     1 ||    11
Armor: Robe              |     6 |    10 |     3 ||    19
       Animal skin       |       |       |    16 ||    16
Dodge: Dodged            |    52 |    46 |    36 ||   134

Table legend: (Time is in decaauts)
 A = Elapsed time spent in this place.
 B = Non-inter-level travel time spent in this place.
 C = Inter-level travel time spent in this place.
 D = Time resting spent in this place.
 E = Time spent auto-exploring this place.
 F = Levels seen in this place.
 G = Mean time per level.
                   A        B        C        D        E       F      G
               +--------+--------+--------+--------+--------+-----+--------+
         Total |   7363 |   7053 |    310 |   1402 |   4765 |   5 | 1472.6 |
       Dungeon |   7363 |   7053 |    310 |   1402 |   4765 |   5 | 1472.6 |
               +--------+--------+--------+--------+--------+-----+--------+

Top non-repeatable levels by time:
     D:1: 2092 daAuts
     D:3: 1759 daAuts
     D:2: 1568 daAuts
     D:4: 1167 daAuts
     D:5: 775 daAuts
